 Dungeon Crawl Stone Soup version 0.28.0-53-g5a82cb258f (webtiles) character file.

Game seed: 5876553330081867234

11 Martska the Grasshopper (level 2, 0/23 HPs)
             Began as a Human Warper on June 25, 2022.
             Slain by a quokka (1 damage)
             ... on level 1 of the Dungeon.
             The game lasted 00:00:52 (187 turns).

Martska the Grasshopper (Human Warper)               Turns: 187, Time: 00:00:53

Health: 0/23       AC:  3    Str: 11    XL:     2   Next: 40%
Magic:  5/5        EV: 11    Int: 13    God:
Gold:   19         SH:  0    Dex: 12    Spells: 5/5 levels left

rFire   . . .      SeeInvis .   a - +0 spear
rCold   . . .      Faith    .   (no shield)
rNeg    . . .      Spirit   .   b - +0 leather armour
rPois   .          Reflect  .   (no helmet)
rElec   .          Harm     .   (no cloak)
rCorr   .          Rampage  .   (no gloves)
Will    .....                   (no boots)
Stlth   +.........              (no amulet)
HPRegen 0.07/turn               (no ring)
MPRegen 0.09/turn               (no ring)

@: no status effects
A: no striking features
a: no special abilities


You were on level 1 of the Dungeon.
You visited 1 branch of the dungeon, and saw 1 of its levels.

You collected 19 gold pieces.

Inventory:

Hand Weapons
 a - a +0 spear (weapon)
Missiles
 d - 5 boomerangs of dispersal (quivered)
Armour
 b - a +0 leather armour (worn)
Scrolls
 c - a scroll of blinking
Potions
 e - a potion of invisibility {unknown}


   Skills:
 * Level 2.3 Fighting
 * Level 2.3 Polearms
 - Level 1.0 Throwing
 - Level 1.0 Armour
 * Level 2.3 Dodging
 - Level 2.0 Spellcasting
 - Level 3.0 Translocations


You had 5 spell levels left.
You didn't know any spells.
Your spell library contained the following spells:

 Spells                   Type           Power      Damage    Failure   Level
 Blink                    Tloc           18%        N/A       14%         2
 Gell's Gravitas          Tloc           9%         N/A       28%         3
 Lesser Beckoning         Tloc           9%         N/A       28%         3
 Teleport Other           Tloc           9%         N/A       28%         3
 Manifold Assault         Tloc           9%         N/A       95%         5


Dungeon Overview and Level Annotations

Branches:
Dungeon (1/15)

Altars:


Message History

You kill the quokka!
The quokka bites you.
Reach: a) +0 spear
Press: ? - help, Dir - move target, f - quokka
Aim: a quokka (about 49% to evade your +0 spear)
You hit the quokka but do no damage. The quokka closely misses you.
The quokka bites you.
* * * LOW HITPOINT WARNING * * *
Reach: a) +0 spear
Press: ? - help, Dir - move target, f/p - quokka
Aim: a quokka (about 49% to evade your +0 spear)
You miss the quokka. The quokka bites you.
* * * LOW HITPOINT WARNING * * *
Reach: a) +0 spear
Press: ? - help, Dir - move target, f/p - quokka
Aim: a quokka (about 49% to evade your +0 spear)
You hit the quokka.
The quokka is heavily wounded.
The quokka bites you.
* * * LOW HITPOINT WARNING * * *
Reach: a) +0 spear
Press: ? - help, Dir - move target, f/p - quokka
Aim: a quokka (heavily wounded, about 49% to evade your +0 spear)
You closely miss the quokka.
The quokka is heavily wounded.
The quokka bites you but does no damage.
Reach: a) +0 spear
Press: ? - help, Dir - move target, f/p - quokka
Aim: a quokka (heavily wounded, about 49% to evade your +0 spear)
You barely miss the quokka.
The quokka is heavily wounded.
The quokka bites you.
* * * LOW HITPOINT WARNING * * *
Reach: a) +0 spear
Press: ? - help, Dir - move target, f/p - quokka
Aim: a quokka (heavily wounded, about 49% to evade your +0 spear)
You hit the quokka.
The quokka is severely wounded.
The quokka bites you.
You die...

..
.)#..##.#.#
#....##....#
..........##
...........#
...........#
...........#
..........##
..........#
.#.##.##@##
.......r.#
...##....#
.. #..... .
#.....
#......
#......
#......#


You could see a quokka.

Vanquished Creatures
  A dart slug (D:1)
  A bat (D:1)
  A hobgoblin (D:1)
  A kobold (D:1)
  A quokka (D:1)
  A frilled lizard (D:1)
  2 goblins (D:1)
  A rat (D:1)
9 creatures vanquished.

Notes
Turn   | Place    | Note
-------+----------+-------------------------------------------
     0 | D:1      | Martska the Human Warper began the quest for the Orb.
     0 | D:1      | Reached XP level 1. HP: 16/16 MP: 3/3
   115 | D:1      | Reached XP level 2. HP: 22/22 MP: 5/5
   186 | D:1      | HP: 1/23 [quokka (2)]
   187 | D:1      | Slain by a quokka

Illustrated notes

Levels and vault maps discovered:
D:1:      minmay_arrival_cross, layout_rooms, basic_ecumenical_altar,
          minmay_tetromino_l2

Action                   || total
-------------------------++-------
Melee: Spear             ||    37
Armor: Leather armour    ||     7
Dodge: Dodged            ||    16
